 Dungeon Crawl Stone Soup version 0.28.0-45-g0d030f2227 (webtiles) character file.

Game seed: 5942976891434569273

857907 Fartwhistle the Ice Dragon (level 27, -21/354 HPs)
             Began as a White Draconian Conjurer on May 18, 2022.
             Was the Champion of Vehumet.
             Demolished by Cerebov
             ... wielding the +6 sword of Cerebov {flame}
              (23 damage)
             ... in Pandemonium on May 22, 2022.
             The game lasted 09:45:20 (132451 turns).

Fartwhistle the Ice Dragon (DrCj)                 Turns: 132451, Time: 09:45:21

Health: -21/354    AC: 36    Str:  9      XL:     27
Magic:  30/50      EV: 24    Int: 34 (36) God:    Vehumet [******]
Gold:   6816       SH:  8    Dex: 14      Spells: 5/72 levels left

rFire   + . .      SeeInvis +   R - staff of cold
rCold   + + +      Faith    .   T - +3 buckler {reflect}
rNeg    + + +      Spirit   .   (armour unavailable)
rPois   ∞          Reflect  +   Y - +3 crown of Dyrovepreva {rElec Int+2 SInv}
rElec   +          Harm     .   M - +1 cloak of the Gusle {rPois Will++ Str+3 Int-4}
rCorr   +          Rampage  .   (gloves currently unavailable)
Will    +++++      Clarity  +   (boots currently unavailable)
Stlth   ++........              N - amulet of the Four Winds {rN+ Will+++ Clar}
HPRegen 0.69/turn               O - ring "Fampa" {rC++ rN++ Str-4 Int+6}
MPRegen 0.32/turn               x - ring "Rixyvou" {rF+ rCorr Dex+4 SInv}

@: statue-form, resistant, in a vortex, fire vulnerable, on blink cooldown,
flying (expiring), hasted, studying Fighting, unable to read
A: slow and powerful, torment resistance 1, boosted hp, (breathe frost), AC +13,
unfitting armour, cold resistance 1, cold-blooded, berserk 1, deterioration 1,
strong-willed 1, inability to read while threatened
}: 6/15 runes: barnacled, slimy, silver, obsidian, demonic, gossamer
a: End Transformation, Renounce Religion


You were in Pandemonium.
You worshipped Vehumet.
Vehumet was exalted by your worship.
You were a living statue of rough stone.
You visited 15 branches of the dungeon, and saw 63 of its levels.
You visited Pandemonium 1 time, and saw 12 of its levels.
You visited the Abyss 2 times.
You also visited: Trove, Bailey, Ice Cave, Volcano and Desolation.

You collected 11401 gold pieces.
You spent 4585 gold pieces at shops.

Inventory:

Armour
 G - a +2 pair of boots of stealth (melded)
 M - the +1 cloak of the Gusle (worn) {rPois Will++ Str+3 Int-4}
   (You found it in a treasure trove)

   Str:       It affects your strength (+3).
   Int:       It affects your intelligence (-4).
   rPois:     It protects you from poison.
   Will:      It greatly increases your willpower.
 T - a +3 buckler of reflection (worn)
 U - the +0 pair of gloves of Loss (melded) {rF+ rN+}
   (You found it in a treasure trove)

   rF:        It protects you from fire.
   rN:        It protects you from negative energy.
 Y - the +3 crown of Dyrovepreva (worn) {rElec Int+2 SInv}
   (You bought it in a shop on level 1 of the Elven Halls)

   Int:       It affects your intelligence (+2).
   rElec:     It insulates you from electricity.
   SInv:      It lets you see invisible.
Magical Staves
 f - a staff of conjuration
 R - a staff of cold (weapon)
Jewellery
 s - the ring "Liopidot" {rN++ rCorr Slay-3}
   (You found it on level 2 of the Vaults)

   [ring of resist corrosion]

   Slay:      It affects your accuracy & damage with ranged weapons and melee
   (-3).
   rN:        It greatly protects you from negative energy.
   rCorr:     It protects you from acid and corrosion.
 w - the amulet "Weess" {*Corrode rPois Will+ Regen+ Dex+4}
   (You took it off a vault guard on level 2 of the Vaults)

   [amulet of regeneration]

   Dex:       It affects your dexterity (+4).
   rPois:     It protects you from poison.
   Regen:     It increases your rate of health regeneration.
   *Corrode:  It may corrode you when you take damage.
   Will:      It increases your willpower.
 x - the ring "Rixyvou" (right fist) {rF+ rCorr Dex+4 SInv}
   (You took it off a vault sentinel on level 5 of the Vaults)

   [ring of see invisible]

   Dex:       It affects your dexterity (+4).
   rF:        It protects you from fire.
   SInv:      It lets you see invisible.
   rCorr:     It protects you from acid and corrosion.
 A - the ring "Azowux" {rC+ rN+++ rCorr Slay+4}
   (You took it off a deep elf demonologist on level 3 of the Elven Halls)

   [ring of slaying]

   Slay:      It affects your accuracy & damage with ranged weapons and melee
   (+4).
   rC:        It protects you from cold.
   rN:        It renders you almost immune to negative energy.
   rCorr:     It protects you from acid and corrosion.
 E - an amulet of regeneration
 I - a +4 ring of protection
 N - the amulet of the Four Winds (around neck) {rN+ Will+++ Clar}
   (You found it on level 5 of the Vaults)

   [amulet of nothing]

   rN:        It protects you from negative energy.
   Clar:      It protects you against confusion.
   Will:      It greatly increases your willpower.
 O - the ring "Fampa" (left fist) {rC++ rN++ Str-4 Int+6}
   (You took it off a deep elf master archer on level 3 of the Elven Halls)

   [ring of intelligence]

   Str:       It affects your strength (-4).
   Int:       It affects your intelligence (+6).
   rC:        It greatly protects you from cold.
   rN:        It greatly protects you from negative energy.
 Q - a ring of protection from fire
 X - the ring of Knowledge {+Blink rPois rC+ Dex+4}
   (You bought it in a shop on level 2 of the Elven Halls)

   [ring of protection from cold]

   Dex:       It affects your dexterity (+4).
   rC:        It protects you from cold.
   rPois:     It protects you from poison.
   +Blink:    It lets you blink.
Wands
 i - a wand of paralysis (27)
 n - a wand of acid (16)
 p - a wand of mindburst (45)
 y - a wand of polymorph (19)
 B - a wand of digging (21)
 S - a wand of iceblast (74)
 V - a wand of charming (12)
Scrolls
 b - 2 scrolls of summoning
 c - 4 scrolls of fear
 d - 11 scrolls of immolation
 e - 37 scrolls of identify
 g - 4 scrolls of silence
 h - 15 scrolls of amnesia
 t - 19 scrolls of fog
 u - 4 scrolls of magic mapping
 C - 6 scrolls of enchant weapon
 D - 11 scrolls of blinking
 F - 17 scrolls of teleportation
 W - 3 scrolls of holy word
Potions
 a - 3 potions of haste
 j - 6 potions of magic
 k - 6 potions of flight
 m - 5 potions of resistance
 q - 22 potions of might
 r - 3 potions of heal wounds
 v - 21 potions of curing
 z - 4 potions of invisibility
 H - a potion of berserk rage
 J - 4 potions of cancellation
 L - 6 potions of ambrosia
 Z - 6 potions of brilliance
Miscellaneous
 l - the horn of Geryon
 o - a phantom mirror
 K - a lightning rod (4/4)
 P - a condenser vane


   Skills:
 O Level 27 Fighting
 + Level 24.2 Dodging
 - Level 1.7 Stealth
 - Level 3.0 Shields
 + Level 23.1 Spellcasting
 O Level 27 Conjurations
 - Level 2.0 Hexes
 + Level 3.0 Summonings
 - Level 7.0 Transmutations
 O Level 27 Ice Magic
 - Level 17.3 Earth Magic
 - Level 5.0 Evocations


You had 5 spell levels left.
You knew the following spells:

 Your Spells              Type           Power      Damage    Failure   Level
a - Magic Dart            Conj           100%       1d8       0%          1
b - Polar Vortex          Ice            73%        N/A       1%          9
c - Lehudib's Crystal Sp  Conj/Erth      56%        10d13     1%          8
d - Orb of Destruction    Conj           61%        9d15      0%          7
e - Spellforged Servitor  Conj/Summ      48%        N/A       1%          7
f - Iskenderun's Mystic   Conj/Tloc      92%        2d18      1%          4
g - Iskenderun's Battles  Conj           100%       2d15      0%          5
h - Freezing Cloud        Conj/Ice/Air   63%        6-21      0%          5
i - Conjure Ball Lightni  Conj/Air       46%        3x3d16    1%          6
j - Ozocubu's Refrigerat  Ice            73%        4d19      0%          7
k - Statue Form           Tmut/Erth      59%        N/A       1%          6
l - Blink                 Tloc           78%        N/A       1%          2

Your spell library contained the following spells:

 Spells                   Type           Power      Damage    Failure   Level
 Ignition                 Fire           19%        3d7       100%        8
 Foxfire                  Conj/Fire      100%       2x1d9     0%          1
 Freeze                   Ice            100%       1d11      0%          1
 Shock                    Conj/Air       100%       1d9       0%          1
 Ensorcelled Hibernation  Hex/Ice        100%       N/A       0%          2
 Searing Ray              Conj           100%       2d8       0%          2
 Static Discharge         Conj/Air       92%        N/A       0%          2
 Conjure Flame            Conj/Fire      92%        6-21      0%          3
 Dazzling Flash           Conj/Hex       100%       N/A       0%          3
 Frozen Ramparts          Ice            100%       1d12      0%          3
 Ozocubu's Armour         Ice            100%       N/A       0%          3
 Stone Arrow              Conj/Erth      100%       3d13      0%          3
 Fulminant Prism          Conj/Hex       47%        3d21      0%          4
 Hailstorm                Conj/Ice       100%       3d20      0%          4
 Ice Form                 Ice/Tmut       100%       N/A       0%          4
 Irradiate                Conj/Tmut      50%        3d30      0%          5
 Lee's Rapid Deconstruct  Erth           51%        3d25*     0%          5
 Animate Skeleton         Necr           78%        N/A       1%          1
 Apportation              Tloc           78%        N/A       1%          1
 Pain                     Necr           100%       1d9       1%          1
 Slow                     Hex            100%       N/A       1%          1
 Sting                    Tmut/Pois      100%       1d8       1%          1
 Summon Small Mammal      Summ           100%       N/A       1%          1
 Corpse Rot               Necr/Air       78%        N/A       1%          2
 Poisonous Vapours        Pois/Air       78%        N/A       1%          2
 Scorch                   Fire           78%        2d8       1%          2
 Sublimation of Blood     Necr           39%        N/A       1%          2
 Call Canine Familiar     Summ           56%        N/A       1%          3
 Ignite Poison            Fire/Tmut/Pois 53%        N/A       1%          3
 Inner Flame              Hex/Fire       46%        N/A       1%          3
 Mephitic Cloud           Conj/Pois/Air  79%        N/A       1%          3
 Portal Projectile        Hex/Tloc       92%        N/A       1%          3
 Summon Guardian Golem    Hex/Summ       54%        N/A       1%          3
 Tukima's Dance           Hex            52%        N/A       1%          3
 Flame Wave               Conj/Fire      92%        2d16      1%          4
 Leda's Liquefaction      Hex/Erth       40%        N/A       1%          4
 Petrify                  Tmut/Erth      89%        N/A       1%          4
 Summon Ice Beast         Ice/Summ       100%       N/A       1%          4
 Blade Hands              Tmut           36%        N/A       1%          5
 Borgnjor's Vile Clutch   Necr/Erth      39%        N/A       1%          5
 Lightning Bolt           Conj/Air       46%        1d66      1%          5
 Metabolic Englaciation   Hex/Ice        59%        N/A       1%          5
 Gell's Gravitas          Tloc           39%        N/A       2%          3
 Lesser Beckoning         Tloc           39%        N/A       2%          3
 Swiftness                Air            39%        N/A       2%          3
 Teleport Other           Tloc           39%        N/A       2%          3
 Vampiric Draining        Necr           39%        2d8       2%          3
 Airstrike                Air            19%        N/A       2%          4
 Olgreb's Toxic Radiance  Pois           39%        N/A       2%          4
 Summon Lightning Spire   Summ/Air       49%        N/A       4%          4
 Anguish                  Hex/Necr       23%        N/A       6%          4
 Alistair's Intoxication  Tmut/Pois      39%        N/A       6%          5
 Animate Dead             Necr           19%        N/A       9%          4
 Dispel Undead            Necr           39%        3d16      9%          4
 Summon Mana Viper        Hex/Summ       54%        N/A       9%          5
 Summon Forest            Summ/Tloc      24%        N/A       14%         5
 Silence                  Hex/Air        23%        N/A       17%         5
 Agony                    Necr           39%        N/A       26%         5
 Excruciating Wounds      Necr           19%        N/A       26%         5
 Manifold Assault         Tloc           39%        N/A       26%         5
 Iron Shot                Conj/Erth      56%        9d11      0%          6
 Simulacrum               Ice/Necr       57%        N/A       1%          6
 Starburst                Conj/Fire      46%        6d13      1%          6
 Eringya's Noxious Bog    Tmut/Pois      29%        N/A       9%          6
 Shatter                  Erth           51%        3d39*     19%         9
 Summon Cactus Giant      Summ           28%        N/A       36%         6
 Dragon Form              Tmut           36%        N/A       38%         7
 Chain Lightning          Conj/Air       46%        3d61      63%         9
 Fire Storm               Conj/Fire      46%        8d12      63%         9
 Death Channel            Necr           19%        N/A       80%         6
 Dispersal                Tloc           19%        N/A       80%         6
 Storm Form               Tmut/Air       29%        N/A       88%         7
 Summon Hydra             Summ           28%        N/A       91%         7
 Enfeeble                 Hex            26%        N/A       98%         7
 Haunt                    Necr/Summ      24%        N/A       99%         7
 Malign Gateway           Summ/Tloc      24%        N/A       99%         7
 Borgnjor's Revivificati  Necr           19%        N/A       100%        8
 Disjunction              Tloc           19%        N/A       100%        8
 Infestation              Necr           19%        N/A       100%        8
 Maxwell's Capacitive Co  Air            19%        ∞         100%        8
 Necromutation            Tmut/Necr      29%        N/A       100%        8
 Summon Horrible Things   Summ           28%        N/A       100%        8
 Death's Door             Necr           19%        N/A       100%        9
 Animate Armour           Summ/Erth      Unusable   N/A       N/A         4

Dungeon Overview and Level Annotations

Branches:
Dungeon (15/15)            Temple (1/1) D:6            Lair (6/6) D:11
 Shoals (4/4) Lair:4       Spider (4/4) Lair:3        Slime (5/5) Lair:5
    Orc (2/2) D:10            Elf (3/3) Orc:2        Vaults (5/5) D:14
  Crypt (3/3) Vaults:3       Tomb (0/3) Crypt:3      Depths (4/4) D:15
   Hell (visited)             Dis (0/7) Hell            Geh (7/7) Hell
    Coc (1/7) Hell            Tar (0/7) Hell            Zot (2/5) Depths:4
 Bailey (visited)           IceCv (visited)         Volcano (visited)
Desolation (visited)

Altars:
Ashenzari
Cheibriados
Dithmenos
Elyvilon
Fedhas
Gozag
Hepliaklqana
Kikubaaqudgha
Makhleb
Nemelex Xobeh
Okawaru
Qazlal
Ru
Sif Muna
Trog
Uskayaw
Vehumet
Wu Jian
Xom
Yredelemnul
Zin
The Shining One
Beogh

Shops:
D:8 ?   D:13 (   Orc:2 :(**[   Elf:1 !?[   Elf:2 *   Elf:3 (*:!   Vaults:2 :!
Depths:1 :=:   Depths:2 [   Depths:3 *

Portals:
Hell: Depths:1 Depths:2 Depths:3 Depths:4
Abyss: Depths:3
Pandemonium: Depths:2
Ziggurat: Depths:2

Annotations:
D:5 Pikel
Shoals:2 Nikola
Spider:3 1 runed translucent door, gabibbone's ghost, adept DrAE
Orc:1 1 runed translucent door, Reximn's ghost, journeyman SpEn
Zot:1 exclusion: lightning spire
Pan Cerebov


Innate Abilities, Weirdness & Mutations

You are a living statue of rough stone.
Your actions are slow, but your melee attacks are powerful.
You are resistant to unholy torment.
Your maximum health is greatly increased.
You are immune to poison.
Your equipment is partially melded.
((You can breathe waves of freezing cold which knock back foes.))
((Your icy white scales are hard. (AC +13)))
You cannot fit into any form of body armour.
Your flesh is cold resistant. (rC+)
You are cold-blooded and may be slowed by cold attacks.
You tend to lose your temper in combat.
Your body sometimes deteriorates upon taking damage.
You are strong-willed. (Will+)
You sometimes lose the ability to read scrolls when taking damage.


Message History

Okay, then.
You feel much better. The winds around you calm down.
The balrug disappears in a puff of smoke! x2
Cerebov hits you with the +6 sword of Cerebov {flame}!
Cerebov burns you.
* * * LOW HITPOINT WARNING * * *
The balrug gestures at you. Something smites you!
* * * LOW HITPOINT WARNING * * *
The hellion closely misses you.
Casting: Polar Vortex (mildly dangerous; 1% risk of failure)
Confirm with . or Enter, or press ? or * to list all spells.
You feel a surge of power!
A great freezing vortex appears and lifts you up.
You kill the balrug!
The balrug disappears in a puff of smoke!
Cerebov hits you with the +6 sword of Cerebov {flame}!!!
* * * LOW HITPOINT WARNING * * *
Your body deteriorates!
You feel dopey. Cerebov burns you.
* * * LOW HITPOINT WARNING * * *
You block the hellion's attack. The balrug closely misses you.
Cerebov hits you with the +6 sword of Cerebov {flame}!!
* * * LOW HITPOINT WARNING * * *
Cerebov burns you.
* * * LOW HITPOINT WARNING * * *
Casting: Polar Vortex (mildly dangerous; 1% risk of failure)
Confirm with . or Enter, or press ? or * to list all spells.
Okay, then.
Casting: Polar Vortex (mildly dangerous; 1% risk of failure)
Confirm with . or Enter, or press ? or * to list all spells.
You blink.
You kill the balrug!
The balrug disappears in a puff of smoke!
You kill the hellion!
The hellion disappears in a puff of smoke!
The balrug barely misses you.
Cerebov hits you with the +6 sword of Cerebov {flame}!!
You die...

.....'..§§§.≈≈#≈...≈#≈≈§§.§.#
.....#..§§§§§##≈..§≈##≈§≈≈≈.#
.....#..§######≈...≈######≈.#
.....#..≈#...#≈≈..§§§#:).#≈.#
.....#..≈#...'.......'|.|#≈§#
.....#..≈#...#§§§§§§§#.[}#≈.#
.....#..≈######§§§§§######≈.#
.....#..§§§≈§##§§§§§##≈≈≈≈≈.#
#...§..§§#§82§§#≈≈..§..# ..
#....§.§≈#§§&§§#≈≈.....# ..
#...§§§§≈#§§§§§#≈≈.....#
.#####..≈§≈≈§##§§§§§##≈≈≈≈≈.#
.#......≈######§§§§§######§.#
.#......§#...#§§...≈≈#)"|#§.#
.#......≈#.:.'.§§..).)))=#≈.#
.#......≈#...#≈≈...≈≈#):"#≈.#
.'......≈######§...≈######≈.#


You could see Cerebov (fast) and a balrug (summoned).

Vanquished Creatures
  Asmodeus (Geh:7)
  the Royal Jelly (Slime:5)
  Dissolution (Slime:5)
  A seraph (Pan)
  4 dread liches
  An ancient lich (Crypt:1)
  Mara (Vaults:4)
  Mennas (Crypt:3)
  A juggernaut (Depths:2)
  2 Killer Klowns (Zot:1)
  Frederick (Vaults:2)
  Xtahua (Vaults:2)
  Boris (4 times) (Vaults:2 Vaults:4 Depths:1 Depths:2)
  Bai Suzhen (Spider:3)
  Saint Roka (Vaults:2)
  2 curse toes
  Geryon (Hell)
  5 pandemonium lords (Pan)
  6 golden dragons
  Jory (Vaults:3)
  3 bone dragons
  8 Brimstone Fiends
  2 pearl dragons (Pan)
  2 Tzitzimimeh (Pan)
  16 hellephants
  Rupert (Lair:5)
  6 electric golems
  5 tentacled monstrosities
  Jorgrun (Spider:2)
  22 searing wretches
  Mlioglotl (Spider:4)
  Asterion (Vaults:2)
  5 liches
  2 deep elf master archers (Elf:3)
  4 quicksilver dragons
  11 ancient champions
  8 titans (Vaults:5)
  2 deep elf blademasters (Elf:3)
  10 sphinxes
  6 death cobs
  3 Executioners (Pan)
  Murray (Depths:1)
  3 tentacled starspawn
  26 acid blobs
  Gastronok (D:8)
  11 storm dragons
  7 tengu reavers
  A nagaraja (Abyss:4)
  12 shadow dragons
  An azure jelly (shapeshifter) (Vaults:5)
  6 draconian monks
  Roxanne (Elf:1)
  A revenant (Crypt:2)
  6 demonspawn warmongers (Pan)
  28 daevas (Pan)
  22 fire giants
  11 rockslimes
  12 azure jellies
  7 draconian knights
  5 deep elf sorcerers
  8 frost giants
  45 angels (Pan)
  A nargun (Coc:1)
  7 emperor scorpions
  43 balrugs
  11 vault wardens
  4 cacodemons
  3 iron dragons
  2 curse skulls
  3 orc warlords
  7 draconian shifters
  3 draconian scorchers
  4 reapers
  4 deep elf elementalists (Elf:3)
  6 ghost moths
  10 quicksilver oozes
  3 spriggan defenders (Depths:2)
  15 ironbound preservers
  A caustic shrike skeleton (Crypt:3)
  4 draconian annihilators
  6 demonspawn blood saints (Pan)
  4 war gargoyles
  5 demonspawn corrupters (Pan)
  18 stone giants
  A broodmother (Spider:2)
  41 ophanim (Pan)
  10 deep elf demonologists
  24 very ugly things
  3 elemental wellsprings (Coc:1)
  2 ghouls (Crypt:1)
  58 apis (Pan)
  12 black draconians
  4 demonspawn black suns (Pan)
  7 deep elf annihilators
  28 vampire knights
  2 ironbound thunderhulks (Vaults:3)
  A putrid mouth (Hell)
  Nessos (Lair:3)
  A bunyip (shapeshifter) (D:15)
  9 entropy weavers
  A minotaur (Shoals:4)
  10 red draconians
  8 green draconians
  16 lorocyprocas (Pan)
  7 yellow draconians
  3 spark wasps
  4 purple draconians
  5 white draconians
  A dire elephant (Vaults:1)
  A halazid warlock (Hell)
  2 eidola
  8 green deaths
  4 merfolk javelineers
  11 ettins
  9 deep elf death magi
  8 merfolk impalers
  17 blizzard demons
  3 crystal guardians
  7 fire dragons
  9 great orbs of eyes
  2 spriggan zombies
  The ghost of shugdite the Carver, a journeyman MiFi of Okawaru (D:10)
  A great orb of eyes (shapeshifter) (Vaults:5)
  An ettin (shapeshifter) (Vaults:2)
  13 jiangshi
  7 deep elf high priests
  11 yaktaur captains
  4 peacekeepers
  13 ice dragons
  2 ragged hierophants
  4 rakshasas
  3 servants of whispers
  5 hell beasts (Pan)
  6 hydras
  38 vault guards
  2 catoblepae (Lair:3)
  A quicksilver dragon skeleton (Crypt:3)
  3 jorogumos
  5 merfolk avatars
  A caustic shrike simulacrum (Crypt:1)
  5 salamander tyrants
  An anaconda (shapeshifter) (Vaults:4)
  3 spriggan air magi
  7 boulder beetles
  2 ogre magi (Vaults:5)
  4 death knights
  16 ironbound frosthearts
  5 merfolk aquamancers
  2 radroaches (Spider:3)
  An alligator snapping turtle (Shoals:3)
  19 centaur warriors
  29 dancing weapons
  7 stokers
  An alligator (shapeshifter) (Vaults:5)
  11 satyrs (Shoals:4)
  21 hell hogs
  3 tengu warriors
  21 vampire magi
  4 death yaks
  5 two-headed ogres
  7 deep troll earth magi
  12 deep troll shamans
  8 thrashing horrors
  7 spriggan berserkers
  5 shock serpents (Zot:1)
  3 orc high priests (Orc:2)
  17 deep elf knights
  2 spriggans
  19 hell knights
  95 sun demons
  An emperor scorpion zombie (Crypt:1)
  2 storm dragon zombies (Crypt:3)
  22 skeletal warriors
  46 soul eaters
  3 shadow wraiths
  A titan skeleton (Depths:3)
  9 iron trolls
  3 wretched stars (Abyss:4)
  2 bunyip zombies (Crypt:3)
  12 sixfirhies
  7 pharaoh ants
  9 glowing orange brains
  5 golden dragon zombies
  3 spatial maelstroms
  7 steelbarb worms
  27 cherubim (Pan)
  6 sea snakes
  4 shadow demons (Pan)
  35 deep trolls
  2 spriggan simulacra
  A storm dragon skeleton (Crypt:1)
  17 deep elf archers
  An orb spider (shapeshifter) (Vaults:5)
  2 bunyip skeletons (Crypt:1)
  10 orb spiders
  3 flayed ghosts
  A bog body (Crypt:1)
  A steelbarb worm (shapeshifter) (Elf:3)
  17 wizards
  18 phantasmal warriors
  6 anaconda zombies
  17 ironbound convokers
  An orange crystal statue (IceCv)
  22 harpies
  2 anaconda skeletons (Hell)
  An iron giant skeleton (Crypt:1)
  A sphinx zombie (Crypt:3)
  7 lindwurms
  34 deep elf zephyrmancers
  21 wolf spiders
  6 orc knights
  37 deep elf pyromancers
  A sphinx skeleton (Vaults:5)
  14 necromancers
  3 orc sorcerers
  2 fire giant zombies
  A stone giant zombie (Vaults:3)
  24 manticores
  An oklob plant (Lair:5)
  50 ugly things
  4 shining eyes
  5 cyclopes
  A frost giant zombie (Depths:3)
  22 fauns
  16 moths of wrath
  7 elephants
  9 black mambas
  A stone giant skeleton (Vaults:3)
  3 guardian serpents
  A dire elephant zombie (Crypt:3)
  5 toenail golems (Volcano)
  4 apocalypse crabs (Abyss:4)
  4 water nymphs
  2 ice statues (Hell)
  An eleionoma skeleton (Crypt:2)
  A guardian serpent (shapeshifter) (Vaults:5)
  6 rust devils
  An eye of devastation (shapeshifter) (Depths:4)
  Maurice (D:8)
  35 smoke demons
  15 merfolk sirens
  19 orange demons
  An unseen horror (shapeshifter) (Vaults:2)
  Joseph (D:10)
  An eye of devastation (Slime:1)
  A dire elephant skeleton (Crypt:1)
  Maggie (D:7)
  2 gargoyles
  17 vault sentinels
  6 torpor snails
  2 centaur skeletons (Crypt:1)
  2 unseen horrors
  10 hellions
  13 cane toads
  An alligator snapping turtle zombie (Crypt:3)
  5 guardian mummies
  25 rime drakes
  12 freezing wraiths
  25 yaktaurs
  15 tormentors
  8 efreet
  2 human zombies
  An iron troll zombie (Crypt:1)
  An anaconda simulacrum (Coc:1)
  12 demonic crawlers
  A yaktaur (shapeshifter) (Vaults:5)
  2 minotaur skeletons
  3 tengu conjurers
  A black draconian skeleton (Crypt:2)
  An ice devil (Pan)
  A bunyip simulacrum (Crypt:3)
  9 komodo dragons
  A green draconian skeleton (Crypt:2)
  A queen bee (shapeshifter) (D:15)
  5 red devils (Pan)
  2 yellow draconian skeletons
  A red draconian skeleton (Crypt:1)
  9 trolls
  4 harpy zombies
  9 hellwings
  A yaktaur skeleton (Vaults:5)
  A sea snake skeleton (Hell)
  18 merfolk
  17 polar bears
  A queen bee (D:9)
  2 trolls (shapeshifter)
  5 ancient zymes
  9 meliai
  A guardian serpent zombie (Crypt:2)
  41 large abominations
  7 spectral harpies (Geh:1)
  2 polar bears (shapeshifter)
  19 hornets
  3 tyrant leeches (Lair:6)
  2 hydra skeletons (Hell)
  A harpy skeleton (Crypt:1)
  14 saltlings
  37 tarantellas
  2 human skeletons (Vaults:2)
  2 shadow dragon simulacra
  Prince Ribbit (D:5)
  5 snapping turtles
  A blink frog (shapeshifter) (Vaults:5)
  8 raiju
  127 slime creatures
  8 wind drakes
  14 blink frogs
  A slime creature (shapeshifter) (Depths:2)
  14 dream sheep
  31 jumping spiders
  3 air elementals
  5 flying skulls (Crypt:1)
  An alligator skeleton (Hell)
  25 culicivoras
  A shadow (D:10)
  33 ynoxinuls
  27 starcursed masses
  A wyvern (shapeshifter) (Abyss:4)
  2 centaur simulacra
  12 wraiths
  An elf simulacrum (Vaults:3)
  10 wyverns
  2 humans (shapeshifter)
  An alligator snapping turtle simulacrum (Coc:1)
  A dire elephant simulacrum (Coc:1)
  43 yaks
  19 vampires
  5 fire elementals
  29 water elementals
  2 basilisks (Lair:6)
  A wind drake skeleton (Crypt:1)
  18 neqoxecs
  2 steam dragons (D:8)
  3 fire bats (Lair:4)
  51 redbacks
  15 vampire mosquitoes
  Grum (D:8)
  24 chaos spawn
  Menkaure (D:6)
  A sea snake simulacrum (Hell)
  A naga zombie (Crypt:1)
  6 wargs
  23 water moccasins
  A naga skeleton (Crypt:1)
  11 spatial vortices
  5 acid dragons
  15 hell hounds
  2 black bears
  37 orc warriors
  An ettin simulacrum (Crypt:3)
  A hornet zombie (D:6)
  A merfolk simulacrum (Coc:1)
  2 ice beasts
  A sky beast (D:7)
  2 necrophages
  An ogre (shapeshifter) (Vaults:5)
  4 boggarts (Vaults:2)
  8 ogres
  15 wolves
  A snapping turtle skeleton (Crypt:1)
  10 small abominations
  9 centaurs
  An elephant skeleton (Crypt:1)
  3 lemures (D:5)
  A torpor snail zombie (Crypt:3)
  2 kobold brigands
  A palentonga zombie (Crypt:3)
  Blork the orc (D:6)
  16 bullfrogs
  5 earth elementals
  A water moccasin zombie (D:4)
  A gnoll sergeant (D:10)
  A scorpion (D:6)
  A wyvern zombie (D:7)
  A wyvern skeleton (Crypt:2)
  3 water moccasin skeletons
  32 killer bees
  2 vampire bats (Lair:3)
  9 wights (D:8)
  4 howler monkeys
  3 electric eels
  A crimson imp (D:12)
  3 hounds
  5 centaur zombies
  8 jellies
  17 orc priests
  Natasha (thrice) (D:2)
  2 iguanas
  19 orc wizards
  5 lightning spires (Zot:1)
  A hell rat (D:11)
  6 killer bee zombies
  An ogre zombie (Crypt:3)
  An ogre skeleton (Crypt:2)
  A howler monkey zombie (Crypt:3)
  Robin (D:2)
  15 gnolls
  3 river rats (D:11)
  9 adders
  A swamp drake skeleton (Crypt:1)
  A white imp (D:3)
  4 ufetubi
  A halfling zombie (Crypt:2)
  An adder skeleton (D:5)
  A worm (D:2)
  4 dart slugs
  84 orcs
  12 ball pythons
  12 bats
  6 endoplasms
  5 giant cockroaches
  20 goblins
  18 hobgoblins
  9 jackals
  12 kobolds
  9 quokkas
  9 frilled lizards
  A gnoll skeleton (Crypt:1)
  A goblin skeleton (Crypt:2)
  3 rats
  A ball lightning (Zot:1)
  4 creeping infernos
  29 fire vortices
  A lurking horror (Abyss:4)
  A plant (Shoals:4)
  2 starspawn tentacles (Abyss:3)
3576 creatures vanquished.

Vanquished Creatures (collateral kills)
  3 balrugs (Pan)
  A ghost moth (Zot:1)
  A dancing weapon (Zot:1)
  A soul eater (Pan)
  13 sun demons (Pan)
  An orc knight (Bailey)
  An ugly thing (D:11)
  An orange demon (Pan)
  A smoke demon (Pan)
  5 efreet (Pan)
  An ice devil (Pan)
  2 blink frogs (Lair:3)
  A raiju (Abyss:3)
  2 ynoxinuls (Pan)
  A yak (Lair:3)
  A vampire mosquito (D:11)
  An ogre (D:4)
  A killer bee (D:9)
  A centaur skeleton (D:4)
  An orc (D:4)
  A hobgoblin (Bailey)
  A ball lightning (Pan)
42 creatures vanquished.

Vanquished Creatures (others)
  A pandemonium lord (Pan)
  A daeva (Pan)
  A draconian shifter (Zot:1)
  A black draconian (Zot:1)
  A wizard (Depths:3)
  A manticore (Shoals:4)
  2 black mambas
  A demonic crawler (Spider:4)
  A jumping spider (Spider:3)
  2 dancing weapons
  59 ball lightnings
  A fire vortex (Geh:4)
  47 fulminant prisms
  68 fungi
  270 plants
457 creatures vanquished.

Grand Total: 4075 creatures vanquished

Notes
Turn   | Place    | Note
-------+----------+-------------------------------------------
     0 | D:1      | Fartwhistle the Draconian Conjurer began the quest for the
                  | Orb.
     0 | D:1      | Reached XP level 1. HP: 14/14 MP: 3/3
   188 | D:1      | Reached XP level 2. HP: 20/20 MP: 0/5
   363 | D:1      | Found a faded altar of an unknown god.
   521 | D:1      | Reached XP level 3. HP: 26/26 MP: 1/6
  1331 | D:2      | Reached skill level 5 in Conjurations
  1334 | D:2      | Learned a level 2 spell: Searing Ray
  1430 | D:2      | Noticed Natasha
  1436 | D:2      | Killed Natasha
  1437 | D:2      | Reached XP level 4. HP: 30/33 MP: 2/8
  1601 | D:2      | Noticed Natasha
  1605 | D:2      | Killed Natasha
  1706 | D:2      | Reached XP level 5. HP: 38/38 MP: 5/10
  2156 | D:2      | Noticed Natasha
  2164 | D:2      | Killed Natasha
  2552 | D:2      | Noticed Robin
  2728 | D:2      | Killed Robin
  3338 | D:3      | Found the +2 ratskin cloak {*Rats rPois rN+ Str-1 Int-1
                  | Dex+1}
  3518 | D:3      | Reached XP level 6. HP: 45/45 MP: 4/12
  3578 | D:3      | Found a bloodstained altar of Trog.
  3631 | D:3      | Found a shimmering blue altar of Sif Muna.
  3635 | D:3      | Got Sif Muna's Disquisition on Beguiling
  3748 | D:3      | You fall into a shaft and drop 1 floor!
  4848 | D:4      | Reached skill level 1 in Evocations
  4942 | D:4      | Your scales start taking on an icy white colour.
  4942 | D:4      | Reached XP level 7. HP: 46/50 MP: 8/13
  4942 | D:4      | Gained mutation: Your flesh is cold resistant. (rC+) [White
                  | Draconian growth]
  5881 | D:4      | Learned a level 4 spell: Fulminant Prism
  5903 | D:5      | Entered Level 5 of the Dungeon
  6172 | D:5      | Noticed a wraith
  6184 | D:5      | Killed a wraith
  6185 | D:5      | Reached skill level 1 in Hexes
  6185 | D:5      | Reached XP level 8. HP: 47/57 MP: 8/15
  6347 | D:5      | Noticed Pikel
  6634 | D:5      | Noticed Prince Ribbit
  6698 | D:5      | Killed Prince Ribbit
  6699 | D:5      | Reached skill level 5 in Dodging
  7428 | D:6      | Noticed Menkaure
  7436 | D:6      | Killed Menkaure
  7454 | D:6      | Reached skill level 1 in Fighting
  7454 | D:6      | Reached XP level 9. HP: 64/64 MP: 16/16
  7865 | D:6      | Found a staircase to the Ecumenical Temple.
  7926 | D:6      | Noticed Blork the orc
  7961 | Temple   | Entered the Ecumenical Temple
  7992 | Temple   | Became a worshipper of Vehumet
  8030 | D:6      | Found a stormy altar of Qazlal.
  8039 | D:6      | Found a burning altar of Makhleb.
  8185 | D:6      | Killed Blork the orc
  8507 | D:7      | Found a flagged portal.
  8535 | Bailey   | Entered a bailey
  8718 | Bailey   | Reached skill level 5 in Spellcasting
  8846 | Bailey   | Reached * piety under Vehumet
  8846 | Bailey   | Offered knowledge of Freeze by Vehumet.
  9109 | Bailey   | Reached skill level 10 in Conjurations
  9132 | Bailey   | Noticed an orc knight
  9146 | Bailey   | Killed an orc knight
  9147 | Bailey   | Reached XP level 10. HP: 47/80 MP: 18/18
  9297 | Bailey   | Noticed an orc warlord
  9495 | D:7      | Found an ancient bone altar of Kikubaaqudgha.
  9544 | D:7      | Noticed Maggie
  9552 | D:7      | Killed Maggie
 10246 | D:7      | Killed an orc warlord
 10247 | D:7      | Reached skill level 5 in Fighting
 10375 | D:8      | Noticed Gastronok
 10668 | D:8      | Found Nune's Magic Scroll Boutique.
 10671 | D:8      | Bought a scroll of identify for 20 gold pieces
 10671 | D:8      | Bought a scroll of teleportation for 30 gold pieces
 10671 | D:8      | Bought a scroll of blinking for 75 gold pieces
 10671 | D:8      | Bought a scroll of teleportation for 30 gold pieces
 10671 | D:8      | Bought a scroll of teleportation for 30 gold pieces
 10831 | D:8      | Noticed Grum
 10846 | D:8      | Killed Grum
 11454 | D:8      | Reached ** piety under Vehumet
 11454 | D:8      | Offered knowledge of Poisonous Vapours by Vehumet.
 11511 | D:8      | Learned a level 7 spell: Orb of Destruction
 11551 | D:8      | Noticed Maurice
 11638 | D:8      | Paralysed by a hornet for 1 turns
 11825 | D:8      | Killed Gastronok
 11826 | D:8      | Reached XP level 11. HP: 58/88 MP: 7/20
 12204 | D:8      | Killed Maurice
 12283 | D:8      | Found a sacrificial altar of Ru.
 12893 | D:8      | Learned a level 3 spell: Tukima's Dance
 13472 | D:9      | Noticed a two-headed ogre
 13615 | D:9      | Killed a two-headed ogre
 13709 | D:9      | Offered knowledge of Conjure Flame by Vehumet.
 13908 | D:9      | Reached *** piety under Vehumet
 14451 | D:10     | Entered Level 10 of the Dungeon
 14589 | D:10     | Offered knowledge of Flame Wave by Vehumet.
 14919 | D:10     | Noticed Joseph
 14926 | D:10     | Killed Joseph
 15273 | D:10     | Found a large runed translucent door.
 15274 | D:10     | Found a large runed translucent door.
 15274 | D:10     | Noticed shugdite's ghost (journeyman MiFi)
 15287 | D:10     | Found a staircase to the Orcish Mines.
 15824 | D:11     | Noticed a death yak
 15824 | D:11     | Noticed a death yak
 15837 | D:11     | Killed a death yak
 15896 | D:11     | Noticed a death yak
 15976 | D:11     | Reached **** piety under Vehumet
 16133 | D:11     | Found a staircase to the Lair.
 16550 | D:11     | Reached XP level 12. HP: 97/97 MP: 22/22
 16887 | D:11     | Offered knowledge of Ignite Poison by Vehumet.
 17524 | D:11     | Killed a death yak
 17743 | D:10     | Killed a death yak
 18036 | D:12     | Noticed a two-headed ogre
 18081 | Lair:1   | Entered Level 1 of the Lair of Beasts
 18108 | Lair:1   | Learned a level 6 spell: Starburst
 18178 | Lair:1   | Identified the ring "Kemmapta" {MP+9 Dex+3}
 18995 | Lair:2   | Noticed a seven-headed hydra
 19187 | Lair:2   | Identified the +0 falchion "Ilogiepn" {vorpal, Contam Fly
                  | rElec Will+}
 19229 | Lair:2   | Killed a seven-headed hydra
 19230 | Lair:2   | Reached skill level 15 in Conjurations
 20551 | Lair:3   | Noticed an eight-headed hydra
 20767 | Lair:2   | Learned a level 4 spell: Iskenderun's Mystic Blast
 20796 | Lair:3   | Reached skill level 10 in Dodging
 21175 | Lair:3   | Reached XP level 13. HP: 99/108 MP: 25/25
 21643 | Lair:3   | Reached ***** piety under Vehumet
 21673 | Lair:3   | Offered knowledge of Iskenderun's Battlesphere by Vehumet.
 21788 | Lair:3   | Learned a level 5 spell: Iskenderun's Battlesphere
 22075 | Lair:3   | Found a hole to the Spider Nest.
 22856 | Lair:4   | Noticed Nessos
 22865 | Lair:3   | Killed Nessos
 23044 | Lair:4   | Found a dark tunnel.
 23055 | Volcano  | Entered a volcano
 23304 | Volcano  | Cast into level 3 of the Abyss (a wizard)
 23501 | Abyss:3  | Noticed a bone dragon
 23609 | Abyss:5  | Entered Level 5 of the Abyss
 23758 | Abyss:5  | Noticed a profane servitor
 23809 | Abyss:5  | Noticed a green very ugly thing
 23876 | Abyss:5  | Noticed a bone dragon
 23901 | Volcano  | Escaped the Abyss
 24702 | Lair:3   | Reached skill level 10 in Fighting
 25095 | Lair:4   | Found a staircase to the Shoals.
 25627 | Lair:5   | Noticed Rupert
 25747 | Lair:5   | Reached XP level 14. HP: 121/121 MP: 26/27
 25830 | Lair:5   | Found a staircase to the Slime Pits.
 26050 | Lair:5   | Paralysed by Rupert for 2 turns
 26066 | Lair:5   | Killed Rupert
 26301 | Lair:5   | Identified the +10 battleaxe "Byodown" {spect, rCorr Int+2}
 26547 | Lair:6   | Entered Level 6 of the Lair of Beasts
 26818 | Lair:6   | Noticed a quicksilver ooze
 26823 | Lair:6   | Killed a quicksilver ooze
 27133 | Lair:6   | Reached skill level 5 in Evocations
 27201 | Lair:6   | Offered knowledge of Irradiate by Vehumet.
 28146 | Lair:6   | Learned a level 5 spell: Freezing Cloud
 28276 | Lair:6   | Reached skill level 1 in Ice Magic
 28595 | Lair:6   | Found a runed translucent door.
 29223 | Lair:6   | Identified a scroll of acquirement
 29520 | Lair:6   | Acquired a staff of conjuration
 29922 | D:12     | Reached skill level 5 in Ice Magic
 30158 | D:12     | Reached skill level 10 in Spellcasting
 30380 | D:12     | Reached XP level 15. HP: 132/132 MP: 24/29
 30865 | D:12     | Found a portal to a secret trove of treasure.
 31530 | D:13     | Offered knowledge of Yara's Violent Unravelling by Vehumet.
 31705 | D:13     | Found Etwamawki's Antique Weapon Emporium.
 33200 | D:14     | Found a gate to the Vaults.
 33239 | D:15     | Entered Level 15 of the Dungeon
 33326 | D:15     | Found a white marble altar of Elyvilon.
 33462 | D:15     | Found a staircase to the Depths.
 33662 | D:15     | Reached XP level 16. HP: 147/147 MP: 31/31
 34953 | Orc:1    | Entered Level 1 of the Orcish Mines
 35235 | Orc:2    | Entered Level 2 of the Orcish Mines
 35286 | Orc:2    | Offered knowledge of Conjure Ball Lightning by Vehumet.
 35864 | Orc:2    | Found Hauxusmu's Antique Armour Shoppe.
 35939 | Orc:2    | Found Ysuc's General Store.
 35975 | Orc:2    | Found a staircase to the Elven Halls.
 36051 | Orc:2    | Bought a scroll of enchant armour for 90 gold pieces
 36065 | Orc:2    | Found Lased's General Store.
 36095 | Orc:2    | Found Hubuhuen's Book Emporium.
 36103 | Orc:2    | Bought a book of Ice for 644 gold pieces
 36307 | Orc:2    | Found Tisoc's Antique Weapon Boutique.
 36490 | Orc:1    | Found a runed translucent door.
 36728 | Orc:1    | Noticed Reximn's ghost (journeyman SpEn)
 36907 | D:12     | You paid a toll of +4 fire dragon scales to enter a
                  | treasure trove
 36908 | Trove    | Entered a treasure trove
 36912 | Trove    | Identified the +1 kite shield "Ocsec" {Str+6}
 36917 | Trove    | Identified the +2 pair of gloves of Xonotuh {*Slow Will++
                  | Str-4 Dex+4}
 36918 | Trove    | Identified the -6 pair of boots "Ojedus" {Drain rCorr
                  | Int+3}
 36919 | Trove    | Identified the -4 pair of boots of New Discoveries {Harm
                  | Fly Will+}
 36923 | Trove    | Identified the -3 pair of gloves of Springtime {Harm Int+3}
 36927 | Trove    | Identified the +1 cloak of Liberalism {Harm rF- Int+8
                  | Dex+4}
 36928 | Trove    | Identified the +1 cloak of the Gusle {rPois Will++ Str+3
                  | Int-4}
 36929 | Trove    | Identified the +0 pair of gloves of Loss {rF+ rN+}
 37186 | Elf:1    | Entered Level 1 of the Elven Halls
 37193 | Elf:1    | Reached skill level 1 in Shields
 37373 | Elf:1    | Learned a level 6 spell: Conjure Ball Lightning
 37379 | Elf:1    | Found Awnuh's Armour Shop.
 37404 | Elf:1    | Bought the +3 crown of Dyrovepreva {rElec Int+2 SInv} for
                  | 703 gold pieces
 37404 | Elf:1    | Found the +3 crown of Dyrovepreva {rElec Int+2 SInv}
 37472 | Elf:1    | Found a radiant altar of Vehumet.
 37547 | Elf:1    | Reached XP level 17. HP: 141/154 MP: 30/33
 38125 | Elf:1    | Found Mearemo's Magic Scroll Boutique.
 38133 | Elf:1    | Bought a scroll of teleportation for 54 gold pieces
 38133 | Elf:1    | Bought a scroll of teleportation for 54 gold pieces
 38133 | Elf:1    | Bought a scroll of blinking for 135 gold pieces
 38165 | Elf:1    | Found Caor's Distillery.
 38207 | Elf:1    | Paralysed by an air elemental for 1 turns
 38243 | Elf:1    | Noticed Roxanne
 38332 | Elf:1    | Killed Roxanne
 38565 | Elf:1    | Reached skill level 10 in Ice Magic
 38738 | Elf:1    | Got the Catalogue of Summoning
 39103 | Elf:1    | Bought a potion of heal wounds for 80 gold pieces
 39103 | Elf:1    | Bought a potion of heal wounds for 80 gold pieces
 39103 | Elf:1    | Bought a potion of resistance for 160 gold pieces
 39103 | Elf:1    | Bought a potion of heal wounds for 80 gold pieces
 39290 | Elf:2    | Paralysed by an air elemental for 1 turns
 39356 | Elf:2    | Found Zoboskopn's Assorted Antiques.
 39361 | Elf:2    | Bought a brightly glowing platinum ring for 140 gold pieces
 39361 | Elf:2    | Identified the ring of Knowledge {+Blink rPois rC+ Dex+4}
                  | (You bought it in a shop on level 2 of the Elven Halls)
 39576 | Elf:2    | Found a runed translucent gate.
 39576 | Elf:2    | Found a runed translucent gate.
 39576 | Elf:2    | Found a runed translucent gate.
 39813 | Elf:2    | Paralysed by an air elemental for 1 turns
 40562 | Elf:2    | Offered knowledge of Ozocubu's Refrigeration by Vehumet.
 40942 | Elf:3    | Entered Level 3 of the Elven Halls
 41193 | Elf:3    | Found Kaquimn's Assorted Antiques.
 41300 | Elf:3    | Found Myipaonga's Distillery.
 41300 | Elf:3    | Found Wievuav's Weapon Boutique.
 41305 | Elf:3    | Found Wopn's Book Shop.
 41366 | Elf:3    | Reached XP level 18. HP: 149/162 MP: 14/35
 41944 | Elf:3    | Identified the +8 trident "Sarcophage" {venom, rN+}
 41949 | Elf:3    | Identified the +3 great sword of Zeeq Iti {vamp, Int+3}
 41949 | Elf:3    | Identified the ring "Fampa" {rC++ rN++ Str-4 Int+6}
 41959 | Elf:3    | Identified the ring "Azowux" {rC+ rN+++ rCorr Slay+4}
 42460 | Elf:3    | Identified the ring of the Two Names {Drain rPois rN+ Str+2
                  | SInv}
 42615 | Elf:3    | Got the Compendium of Feathery Earth
 42773 | Elf:3    | Got the Guide on Warped Dark Arts
 42816 | Elf:3    | Learned a level 7 spell: Ozocubu's Refrigeration
 42859 | Elf:3    | Identified the +6 short sword "Kotae" {holy, rPois rN+
                  | Str+4 Stlth-}
 42863 | Elf:3    | Reached skill level 15 in Ice Magic
 43127 | Spider:1 | Entered Level 1 of the Spider Nest
 43130 | Spider:1 | Reached ****** piety under Vehumet
 43560 | Spider:1 | Offered knowledge of Fireball by Vehumet.
 44300 | Spider:2 | Noticed Jorgrun
 44309 | Spider:2 | Killed Jorgrun
 44651 | Spider:2 | Found a frozen archway.
 44655 | IceCv    | Entered an ice cave
 44945 | IceCv    | Identified the +4 helmet "Ixuph" {rElec rC+}
 45362 | IceCv    | Offered knowledge of Ignition by Vehumet.
 45366 | IceCv    | Reached XP level 19. HP: 163/169 MP: 24/37
 47163 | Spider:3 | Noticed Bai Suzhen
 47654 | Spider:3 | Found a runed translucent door.
 47654 | Spider:3 | Found a shimmering altar of Xom.
 47655 | Spider:3 | Noticed gabibbone's ghost (adept DrAE)
 47733 | Spider:3 | Killed Bai Suzhen
 48064 | Spider:3 | Offered knowledge of Ignition by Vehumet.
 49043 | Spider:4 | Entered Level 4 of the Spider Nest
 49043 | Spider:4 | Noticed Mlioglotl
 49456 | Spider:3 | Reached skill level 15 in Fighting
 49620 | Spider:4 | Killed Mlioglotl
 50820 | Spider:4 | Got a gossamer rune of Zot
 51324 | Shoals:1 | Entered Level 1 of the Shoals
 51615 | Vaults:1 | Entered Level 1 of the Vaults
 52081 | Vaults:1 | Reached skill level 15 in Spellcasting
 52409 | Vaults:1 | Reached XP level 20. HP: 175/178 MP: 25/39
 53852 | Vaults:2 | Noticed Xtahua
 53861 | Vaults:2 | Killed Xtahua
 54117 | Vaults:2 | Found a crumbling gateway.
 54117 | Vaults:2 | Noticed Asterion
 54139 | Vaults:2 | Killed Asterion
 54311 | Desolati | Entered the Desolation of Salt
 54587 | Desolati | Identified the ring "Gyluptarph" {rElec rF+ Str+4 Dex+2
                  | SInv}
 54919 | Vaults:2 | Learned a level 9 spell: Polar Vortex
 55769 | Vaults:2 | Noticed a dread lich
 55771 | Vaults:2 | Noticed a dread lich
 55778 | Vaults:2 | Killed a dread lich
 55787 | Vaults:2 | Killed a dread lich
 56393 | Vaults:2 | Identified the amulet "Weess" {*Corrode rPois Will+ Regen+
                  | Dex+4}
 56745 | Vaults:2 | Noticed a golden dragon
 56756 | Vaults:2 | Killed a golden dragon
 56771 | Vaults:2 | Identified the ring "Liopidot" {rN++ rCorr Slay-3}
 56986 | Vaults:2 | Noticed Frederick
 57005 | Vaults:2 | Killed Frederick
 57006 | Vaults:2 | Reached skill level 15 in Dodging
 57093 | Vaults:2 | Noticed Boris
 57097 | Vaults:2 | Killed Boris
 57152 | Vaults:2 | Found Qaoheun's Book Boutique.
 57503 | Vaults:2 | Reached XP level 21. HP: 187/187 MP: 34/43
 57506 | Vaults:2 | Noticed Saint Roka
 57518 | Vaults:2 | Killed Saint Roka
 58128 | Vaults:2 | Found Wonuluz's Distillery.
 58138 | Vaults:2 | Bought a potion of experience for 700 gold pieces
 58138 | Vaults:2 | Bought a potion of haste for 140 gold pieces
 58138 | Vaults:2 | Bought a potion of haste for 140 gold pieces
 58138 | Vaults:2 | Reached XP level 22. HP: 195/195 MP: 44/44
 58496 | Vaults:3 | Found a staircase to the Crypt.
 59177 | Vaults:3 | Noticed Jory
 59192 | Vaults:3 | Killed Jory
 60146 | Vaults:4 | Noticed Mara
 60151 | Vaults:4 | Killed Mara
 60364 | Vaults:4 | Identified the +10 double sword of the Jumping Dragonfly
                  | {flame, Str+4}
 61571 | Vaults:4 | Noticed Boris
 62279 | Vaults:4 | Got Sif Muna's Handbook of Hexes and Orientation
 62477 | Vaults:4 | Killed Boris
 62903 | Vaults:4 | Learned a level 6 spell: Statue Form
 63865 | Shoals:1 | Identified the ring "Sateun" {MP+9 Stlth+}
 64414 | Shoals:1 | Identified the +0 helmet "Akotye" {Rampage *Corrode rC++
                  | Str+4}
 64474 | Shoals:2 | You fall into a shaft and drop 1 floor!
 64733 | Shoals:2 | Noticed Nikola
 67148 | Shoals:3 | Acquired 471 gold pieces
 67166 | Shoals:4 | Entered Level 4 of the Shoals
 67337 | Shoals:4 | Reached XP level 23. HP: 206/206 MP: 36/45
 68412 | Shoals:4 | Identified the +6 spear of Contradiction {vorpal, Will-
                  | Str+4 Int+3}
 68886 | Shoals:4 | Got a barnacled rune of Zot
 69579 | Vaults:5 | Entered Level 5 of the Vaults
 69614 | Vaults:5 | Found the amulet of the Four Winds {rN+ Will+++ Clar}
 70108 | Vaults:5 | Identified the ring "Rixyvou" {rF+ rCorr Dex+4 SInv}
 70744 | Vaults:5 | Identified the amulet "Sebikkiti" {Acrobat rF+ rCorr Int-5
                  | SInv}
 71152 | Vaults:5 | Noticed a dread lich
 71190 | Vaults:4 | Killed a dread lich
 72046 | Vaults:5 | Reached XP level 24. HP: 221/221 MP: 39/45
 72885 | Vaults:5 | Got a silver rune of Zot
 73591 | Vaults:5 | Identified the +2 fustibalus of Vicrue {flame, +Blink MP+9
                  | Int-5 SInv Stlth+}
 73700 | Vaults:5 | Acquired a book of Winter
 74103 | Vaults:5 | Learned a level 2 spell: Blink
 74640 | D:10     | Killed shugdite's ghost
 75016 | Depths:1 | Entered Level 1 of the Depths
 75649 | Depths:1 | Found an ornate altar of the Wu Jian Council.
 76129 | Depths:1 | Noticed Boris
 76147 | Depths:1 | Killed Boris
 76378 | Depths:1 | Found Loudar's Book Boutique.
 76378 | Depths:1 | Found Woraxuaf's Jewellery Emporium.
 76379 | Depths:1 | Found Hitybysh's Book Boutique.
 76947 | Depths:1 | Found a gateway to Hell.
 76987 | Depths:2 | Noticed Boris
 77002 | Depths:2 | Killed Boris
 77219 | Depths:2 | Found a one-way gateway to a ziggurat.
 77225 | Depths:2 | You fall into a shaft and drop 2 floors!
 77225 | Depths:4 | Entered Level 4 of the Depths
 77232 | Depths:4 | Found an iron altar of Okawaru.
 77922 | Depths:2 | Found a one-way gate leading to the halls of Pandemonium.
 77982 | Depths:2 | Found Tulunu's Armour Shop.
 78223 | Depths:2 | Found a glowing silver altar of Zin.
 78223 | Depths:2 | Found a glowing golden altar of the Shining One.
 78224 | Depths:2 | Found a white marble altar of Elyvilon.
 78313 | Depths:2 | Identified the ring "Xoink" {rElec rPois Int-2 Slay+6 SInv}
 78316 | Depths:2 | Reached skill level 1 in Transmutations
 78316 | Depths:2 | Reached skill level 1 in Earth Magic
 78419 | Depths:2 | Identified the ring of Ohoteute {rCorr Int+2}
 78531 | Depths:2 | Noticed a juggernaut
 78544 | Depths:2 | Killed a juggernaut
 79146 | Depths:2 | Identified the +0 short sword "Zoroh Iwo" {antimagic, rElec
                  | Will+ Dex+6}
 79695 | Depths:3 | Found Sodeofre's Demolitions Depot.
 79740 | Depths:3 | Bought a manual of Conjurations for 1200 gold pieces
 79927 | Depths:3 | Found a one-way gate to the infinite horrors of the Abyss.
 80561 | Depths:3 | Reached XP level 25. HP: 228/231 MP: 34/45
 81158 | Depths:3 | Found a sparkling altar of Nemelex Xobeh.
 81713 | Depths:3 | Reached skill level 5 in Earth Magic
 81902 | Depths:3 | Reached skill level 5 in Transmutations
 81904 | Depths:3 | Reached skill level 27 in Ice Magic
 81972 | Depths:3 | Got the Incunabulum of Translocation and Flight
 84198 | Depths:4 | Found a gate to the Realm of Zot.
 84443 | Crypt:1  | Entered Level 1 of the Crypt
 85576 | Crypt:1  | Noticed an ancient lich
 85580 | Crypt:1  | Killed an ancient lich
 85667 | Crypt:1  | Learned a level 8 spell: Lehudib's Crystal Spear
 86663 | Crypt:2  | Found a basalt altar of Yredelemnul.
 87866 | Crypt:3  | Entered Level 3 of the Crypt
 88111 | Crypt:3  | Found a staircase to the Tomb.
 88576 | Crypt:3  | Noticed Mennas
 88609 | Crypt:3  | Killed Mennas
 88888 | Crypt:3  | Identified the +6 great mace "Draconian's Curse" {vorpal,
                  | rN+ Int-2 Dex+4}
 89285 | Crypt:3  | Reached XP level 26. HP: 244/244 MP: 23/45
 89303 | Crypt:3  | Identified the ring "Naagi" {Will+ Dex+7}
 90678 | Hell     | Entered the Vestibule of Hell
 90678 | Hell     | Noticed Murray
 90678 | Hell     | Noticed Geryon
 90874 | Depths:1 | Killed Murray
 91153 | Hell     | Killed Geryon
 91643 | Hell     | Found a gateway to the Iron City of Dis.
 91808 | Hell     | Found a gateway to the freezing wastes of Cocytus.
 92155 | Hell     | Found a gateway to the decaying netherworld of Tartarus.
 92212 | Hell     | Found a gateway to the ashen valley of Gehenna.
 92375 | Coc:1    | Entered Level 1 of Cocytus
 92563 | Geh:1    | Entered Level 1 of Gehenna
 94466 | Slime:1  | Entered Level 1 of the Pits of Slime
 95410 | Slime:3  | Reached XP level 27. HP: 235/256 MP: 46/46
 96343 | Slime:4  | Gained mutation: You are strong-willed. (Will+) [a shining
                  | eye]
 96540 | Slime:5  | Entered Level 5 of the Pits of Slime
 96556 | Slime:5  | Noticed the Royal Jelly
 97950 | Geh:5    | Noticed a dread lich
 97956 | Geh:5    | Killed a dread lich
 98719 | Slime:5  | Killed the Royal Jelly
 98735 | Slime:5  | Noticed Dissolution
 98746 | Slime:5  | Killed Dissolution
 98949 | Slime:5  | Identified the +10 quick blade of the Inferno {vorpal,
                  | +Blink}
 99059 | Slime:5  | Got a slimy rune of Zot
 99798 | Zot:1    | Entered Level 1 of the Realm of Zot
 99952 | Depths:3 | Voluntarily entered the Abyss.
100219 | Abyss:2  | Gained mutation: You sometimes lose the ability to read
                  | scrolls when taking damage. [a cacodemon]
100399 | Abyss:3  | Found a candlelit altar of Ignis.
100837 | Abyss:4  | Paralysed by accursed screaming for 2 turns
100852 | Depths:3 | Escaped the Abyss
106675 | Geh:7    | Entered Level 7 of Gehenna
107748 | Geh:7    | Identified the +7 long sword "Dragonslayer" {antimagic, Fly
                  | rElec}
108025 | Geh:7    | Found the +7 sceptre of Asmodeus
108025 | Geh:7    | Noticed Asmodeus
111853 | Zot:2    | Identified the +2 falchion "Dragon's Tongue" {vamp, rCorr
                  | Str+8 Int-2}
112653 | Geh:7    | Killed Asmodeus
112690 | Geh:7    | Identified the +6 dagger "Syuluasch" {vorpal, *Noise rCorr
                  | Str-3 Stlth+}
112708 | Geh:7    | Identified the +9 mace of Disintegration {vorpal, Will+
                  | MP+9}
112721 | Geh:7    | Got an obsidian rune of Zot
112739 | Geh:7    | Got the Disquisition on Quantum Contamination
113356 | Pan      | Entered Pandemonium
113362 | Pan      | Reached skill level 10 in Earth Magic
113376 | Pan      | Noticed Mot Ego the pandemonium lord
113383 | Pan      | Killed Mot Ego the pandemonium lord
113623 | Pan      | Identified the +7 war axe of the Screaming Fulmar {vorpal,
                  | Int+3 Stlth+}
114234 | Pan      | Gained mutation: You tend to lose your temper in combat. [a
                  | neqoxec]
115134 | Pan      | Noticed Tookh the pandemonium lord
115926 | Pan      | Killed Tookh the pandemonium lord
117253 | Pan      | Noticed Ekeceit the pandemonium lord
117260 | Pan      | Killed Ekeceit the pandemonium lord
117262 | Pan      | Got a demonic rune of Zot
117542 | Pan      | Reached skill level 27 in Conjurations
117993 | Pan      | Gained mutation: Your body sometimes deteriorates upon
                  | taking damage. [a neqoxec]
118504 | Pan      | Found an exit through the horrors of the Abyss.
118899 | Pan      | Noticed Fuustrot the pandemonium lord
118907 | Pan      | Killed Fuustrot the pandemonium lord
119840 | Pan      | Reached skill level 27 in Fighting
121182 | Pan      | Noticed a seraph
121206 | Pan      | Killed a seraph
123082 | Pan      | Identified the +8 mace of Fimbulwinter {freeze, *Slow
                  | Int+9}
123082 | Pan      | Identified the +1 kite shield of Watchfulness {rF+}
123091 | Pan      | Found a glowing golden altar of the Shining One.
123227 | Pan      | Got the Handbook of Snow and Orientation
123229 | Pan      | Identified the +7 mace of Insomnia {pain, *Slow rElec Dex+4
                  | Stlth+}
123238 | Pan      | Identified the +1 robe "Kafiudwu" {Slay+3 SInv}
123319 | Pan      | Identified the +3 buckler of Modesty {Int+4 Slay+3}
125729 | Pan      | Reached skill level 15 in Earth Magic
126417 | Pan      | Found a white marble altar of Elyvilon.
127306 | Pan      | Identified the +12 tower shield of Kicviptew {rC+ rN+ rCorr
                  | Str+4}
127854 | Pan      | Found a glowing silver altar of Zin.
129252 | Pan      | Found an exit through the horrors of the Abyss.
129551 | Pan      | Noticed Wopuypt the pandemonium lord
129557 | Pan      | Killed Wopuypt the pandemonium lord
130054 | Pan      | Noticed Caba the pandemonium lord
130088 | Pan      | Killed Caba the pandemonium lord
130378 | Pan      | Entered the realm of Cerebov.
130467 | Pan      | Found an exit through the horrors of the Abyss.
130714 | Pan      | Learned a level 7 spell: Spellforged Servitor
132009 | Pan      | Reached skill level 1 in Summonings
132223 | Pan      | Identified the ring "Mowul" {*Corrode rElec AC+4 Dex+2}
132433 | Pan      | Found the +6 sword of Cerebov {flame}
132433 | Pan      | Noticed Cerebov
132450 | Pan      | HP: 4/354 [Cerebov/the +6 sword of Cerebov {flame} (33)]
132450 | Pan      | HP: 1/354 [Cerebov/the +6 sword of Cerebov {flame} (3)]
132451 | Pan      | Demolished by Cerebov

Illustrated notes

Levels and vault maps discovered:
D:1:      minmay_arrival_floating_metal, layout_rooms,
          hellmonk_ecumenical_altar_leap_of_faith, nicolae_grassy_gnolls
D:2:      layout_basic, minmay_randomly_rotated_circles, uniq_robin,
          uniq_natasha
D:3:      minmay_octagon_keep, layout_basic,
          nzn_overflow_gifts_of_might_and_magic, glass_columns_a,
          interstate_on_off
D:4:      minmay_chambers_of_threes, layout_basic
D:5:      layout_rooms, kennysheep_generic_room_14, uniq_prince_ribbit1,
          uniq_pikel
D:6:      layout_basic, mainiacjoe_overflow_swirl, minmay_temple_entry_poolview,
          uniq_menkaure, uniq_blork_the_orc
D:7:      layout_gridville, mainiacjoe_overflow_alcove_4, enter_bailey_4,
          uniq_maggie
D:8:      layout_cave_pods, nicolae_ru_awakened_eye, special_room
          [special_room_orc], serial_shops, nicolae_stop_n_shop_2,
          minmay_circle_x, uniq_maurice, uniq_grum, uniq_gastronok
D:9:      layout_cave_pools, special_room [special_room_bee]
D:10:     layout_long_grid, orc_0_dummy, ebering_ghost_disaster_area,
          uniq_joseph
D:11:     minmay_angry_zag, layout_layer_cave, dpeg_lair_monsters
D:12:     layout_stronghold, nicolae_trove_entry_columns, lightli_wizard_tower
D:13:     layout_loops_cross, serial_shops, nicolae_shop_behind_doors,
          dk_noncrumbling_2
D:14:     layout_roguey, david_vaults_5
D:15:     hangedman_depths_entry_civil_slaughter, layout_small_grid,
          lemuel_crystal_altar, minmay_diced_spiral
Temple:   lightli_temple_of_artemis
Lair:1:   layout_roguey, lemuel_fruit_fields
Lair:2:   layout_long_grid
Lair:3:   layout_regular_city, spider_nest_entry_webs, minivault_25,
          roderic_batcave, st_stairs_10, minmay_shattered_shrine
Lair:4:   layout_hall_layers, elwin_shoals_entry_stream,
          nicolae_volcano_entry_batcave, st_stairs_4, infiniplex_staircase_pool,
          uniq_nessos
Lair:5:   layout_roguey, minmay_slime_entry_oklob_open,
          chequers_serial_rivers_room_b, cheibrodos_lair_reptile_den,
          serial_bayou_shore_a, grunt_megastairs_4, uniq_rupert
Lair:6:   wormcave, layout_hall_layers, hangedman_lair_tendril_chambers,
          nicolae_lair_time_for_slime
Shoals:1: layout_shoals, nicolae_shoals_dead_sea_scrolls
Shoals:2: layout_shoals, uniq_nikola
Shoals:3: cheibrodos_shoals_roost, layout_shoals,
          nicolae_shoals_pincushion_passage
Shoals:4: shoals_end_hellmonk_lost_city
Spider:1: layout_spider_delve
Spider:2: layout_spider_delve, portal_ice_cave_entry_pillars_four,
          nicolae_spider_webs_and_nodes, uniq_jorgrun
Spider:3: layout_spider_delve, ebering_ghost_xom, uniq_bai_suzhen
Spider:4: spider_rune_water, uniq_mlioglotl
Slime:1:  layout_caves, cheibrodos_slime_lost_civilization_6
Slime:2:  layout_caves
Slime:3:  layout_caves
Slime:4:  layout_caves, nicolae_slime_barrier, nicolae_slime_round_cave
Slime:5:  uniq_dissolution
Orc:1:    layout_caves, ebering_ghost_reflecting_pool
Orc:2:    grunt_orc_gardens, layout_caves, grunt_orc_garden, grunt_orc_garden,
          grunt_orc_garden, grunt_orc_garden, serial_shops, nicolae_shop_trees
Elf:1:    minmay_elf_arrival_summoners, layout_loops_corners, basic_altar,
          serial_shops, shop_fountains, shop, nicolae_shop_waterfront,
          minmay_elf_demonology, uniq_roxanne
Elf:2:    nicolae_elf_blades_splatter_lattice [nicolae_blade_entry_antechamber],
          layout_onion_city, serial_shops, nicolae_shop_hallway_plus,
          guppyfry_library_mini
Elf:3:    grunt_elf_hall_diamonds, layout_geoelf_diagonals, minmay_shoptagon
Vaults:1: st_octagons_1, nicolae_vaults_asterisk, nicolae_vaults_hallways_thing,
          vaults_dpeg_doors, v_misc_29, ontoclasm_vaults_decontamination,
          v_misc_27, vaults_dpeg_ring, layout_vaults_quadrants, serial_shops,
          bzr_entry_water
Vaults:2: portal_desolation_entry_nicolae_slug, hangedman_vaults_locks,
          v_pattern_4, vaults_mumra_chevron_long, vaults_mumra_lcd,
          nicolae_vaults_network_star, nicolae_vaults_shelves_hall, v_rooms_3,
          v_misc_23, st_greater_box_2, hangedman_vaults_cutoff,
          layout_vaults_maze_snakey, serial_shops, nicolae_lakefront_shop, shop,
          uniq_saint_roka, uniq_margery, uniq_frederick, uniq_boris,
          uniq_asterion, uniq_xtahua
Vaults:3: hangedman_vaults_stretched_pinwheel, ontoclasm_vaults_ring_large,
          ontoclasm_vaults_tryst, minmay_crypt_entry_simple_sparse, v_misc_9,
          ontoclasm_vaults_gateway, vaults_dpeg_encased_lava,
          nicolae_vaults_ring_of_whatevers, vaults_room_corners,
          layout_vaults_big_room, uniq_jory
Vaults:4: hangedman_vaults_hat, nicolae_vaults_mini_display_case, v_misc_30,
          nicolae_vaults_little_squares_6, ontoclasm_vaults_fault, v_misc_19,
          nicolae_vaults_twisting_passages, vaults_standard_mumra_lines,
          layout_vaults_omnicross, uniq_mara
Vaults:5: serial_shops
Crypt:1:  layout_regular_city, hex_tiny, grunt_ministairs_1,
          palyth_stone_intersect
Crypt:2:  layout_gridlike, basic_altar, st_vampire_maze
Crypt:3:  due_elkab, layout_chaotic_city, tomb_entry_simple_bobbens,
          moated_statue, uniq_mennas
Depths:1: layout_gridlike, pdpol_wu_jian_five_deadly_venoms, lightli_too_deep,
          st_stairs_14, serial_bayou_lake_a, grunt_megastairs_2,
          serial_bayou_shore_b, minmay_shop_grove
Depths:2: minmay_the_grid_triangle_9x9_recursive_2
          [minmay_the_grid_triangle_9x9_prize_insulated,
          minmay_the_grid_triangle_9x9_corrupted_corridor,
          minmay_the_grid_triangle_9x9_dagger,
          minmay_the_grid_triangle_9x9_sparse_checkered], layout_cave_pools,
          enter_ziggurat_b, good_gods_temple_1, serial_shops,
          nicolae_shop_trees, rand_demon_pan_entry_8, grunt_hell_entry_dis_old,
          minivault_22, kennysheep_potato, infiniplex_staircase_river,
          firewood_loft
Depths:3: cheibrodos_lost_city_excavation, layout_honeycomb, abyss_entry,
          pf_hell_entry_tar_spiral, minmay_misc_feat_rugged, st_stairs_12,
          nicolae_blasting_shop, nemelex_spade_bored_becter,
          infiniplex_staircase_pillars_3a
Depths:4: grunt_zot_entry_alcove, layout_basic, hell_entry,
          okawaru_ov_weapons_minmay
Hell
Geh:1:    nicolae_geh_seventh_circle, layout_gehenna_lava_caves
Geh:2:    layout_gehenna_lava_caves, nicolae_hells_seeping_fissure
Geh:3:    layout_gehenna_pools_box, nicolae_geh_fiery_graves
          [nicolae_geh_single_fiery_grave, nicolae_geh_single_fiery_grave,
          nicolae_geh_single_fiery_grave, nicolae_geh_single_fiery_grave,
          nicolae_geh_single_fiery_grave, nicolae_geh_single_fiery_grave,
          nicolae_geh_single_fiery_grave, nicolae_geh_single_fiery_grave,
          nicolae_geh_single_fiery_grave], nicolae_geh_gnashing_of_teeth
Geh:4:    layout_gehenna_lava_caves
Geh:5:    layout_gehenna_pools_box
Geh:6:    layout_gehenna_pools_box, nicolae_hells_seeping_fissure
Geh:7:    geh_mu
Coc:1:    layout_cocytus_water_paths
Zot:1:    infiniplex_zot_generator, layout_basic, hangedman_player_shredder
Zot:2:    layout_gridlike, bh_zot_lava_cross, st_large_dragon_hoard_4
Pan:      nicolae_pan_door_chamber, layout_irregular_city, grunt_pan_in_and_out,
          layout_basic, nicolae_pan_performance_anxiety, layout_grid_shapes,
          pan_blood_fountain_small, evilmike_mini_pan_doors_b,
          layout_stronghold, evilmike_mini_pan_corridor, layout_chambers,
          rand_demon_3, layout_pan_divisions_b [pan_division_quadrant_b3,
          pan_division_quadrant_b4, pan_division_quadrant_b6,
          pan_division_quadrant_b6], evilmike_holy_pan, rand_demon_9,
          layout_basic, evilmike_mini_pan_rooms, layout_pan_divisions_a
          [pan_division_quadrant_a5, pan_division_quadrant_a4,
          pan_division_quadrant_a1, pan_division_quadrant_a4,
          pan_division_octagon_rings], pan_blood_fountain, evilmike_mini_pan_V,
          layout_chambers, pan_blood_fountain_small, evilmike_mini_pan_layers,
          layout_stronghold, nicolae_pan_sigil_eeng,
          cerebov_grunt_fire_and_steel, layout_irregular_city

Skill      XL: |  1  2  3  4  5  6  7  8  9 10 11 12 13 14 15 16 17 18 19 20 21 22 23 24 25 26 27 |
---------------+----------------------------------------------------------------------------------+-----
Conjurations   | 5 6 7 8 10 12 14 15 16 17 19 20 22 24 27 | 27.0
Spellcasting   | 3 4 5 6 7 8 9 10 11 12 13 14 15 18 19 23 | 23.1
Dodging        | 2 3 4 5 6 7 8 10 11 12 13 14 15 16 17 18 19 24 | 24.2
Evocations     | 1 3 5 |  5.0
Hexes          | 1 2 |  2.0
Fighting       | 1 4 5 6 8 10 12 14 15 16 17 19 20 21 22 27 | 27.0
Ice Magic      | 5 6 7 13 18 22 23 24 25 26 27 | 27.0
Shields        | 2 3 |  3.0
Transmutations | 4 5 7 |  7.0
Earth Magic    | 4 8 17 | 17.3
Summonings     | 3 |  3.0
Stealth        | |  1.7

Action                   |  1- 3 |  4- 6 |  7- 9 | 10-12 | 13-15 | 16-18 | 19-21 | 22-24 | 25-27 || total
-------------------------+-------+-------+-------+-------+-------+-------+-------+-------+-------++-------
Melee: Dagger            |    11 |       |       |       |       |       |       |       |       ||    11
       Tailslap          |     3 |     4 |     1 |     2 |     1 |       |     1 |     1 |     8 ||    21
       Whip              |       |    45 |    14 |     6 |       |       |       |       |       ||    65
       Punch             |       |     1 |     2 |       |       |       |       |       |       ||     3
       Staff             |       |       |       |       |     3 |       |     6 |    14 |    43 ||    66
 Cast: Magic Dart        |    66 |   147 |   161 |   395 |   328 |   616 |   415 |   460 |   830 ||  3418
       Searing Ray       |     1 |     8 |    37 |   126 |    49 |     6 |       |       |       ||   227
       Fulminant Prism   |       |       |     1 |    41 |     5 |     1 |       |       |       ||    48
       Orb of Destructio |       |       |       |    46 |   117 |    52 |   119 |   255 |   261 ||   850
       Tukima's Dance    |       |       |       |     5 |       |     1 |     1 |       |       ||     7
       Iskenderun's Myst |       |       |       |     3 |   132 |   141 |   213 |   175 |   155 ||   819
       Iskenderun's Batt |       |       |       |       |    71 |    89 |    57 |    67 |    92 ||   376
       Freezing Cloud    |       |       |       |       |    33 |    71 |    66 |    55 |    39 ||   264
       Conjure Ball Ligh |       |       |       |       |       |     8 |     3 |     1 |     7 ||    19
       Ozocubu's Refrige |       |       |       |       |       |    30 |    19 |    35 |    35 ||   119
       Polar Vortex      |       |       |       |       |       |       |    13 |    63 |   361 ||   437
       Lehudib's Crystal |       |       |       |       |       |       |       |       |   488 ||   488
       Statue Form       |       |       |       |       |       |       |       |       |    20 ||    20
       Spellforged Servi |       |       |       |       |       |       |       |       |    12 ||    12
       Blink             |       |       |       |       |       |       |       |       |     1 ||     1
 Abil: Breathe Frost     |       |       |    23 |    32 |    10 |       |       |       |     1 ||    66
Evoke: Wand              |       |       |    22 |    22 |     8 |       |    11 |     2 |    13 ||    78
       Lightning rod     |       |       |       |       |       |     1 |     2 |     2 |     3 ||     8
       Condenser vane    |       |       |       |       |       |       |     1 |     1 |     2 ||     4
  Use: Scroll            |       |       |     3 |     9 |    23 |     5 |     5 |     8 |    11 ||    64
       Potion            |       |       |       |       |     9 |       |     2 |     3 |    47 ||    61
 Stab: Sleeping          |       |     1 |       |       |       |       |       |       |       ||     1
       Distracted        |       |       |       |       |       |       |     1 |       |       ||     1
Armor: Skin              |     6 |    25 |    36 |   227 |   147 |    54 |   131 |   118 |   609 ||  1353
Dodge: Dodged            |     4 |    46 |    57 |   499 |   267 |   131 |   236 |   280 |  1319 ||  2839
Block: Buckler           |       |       |       |       |       |    44 |   120 |   212 |   502 ||   878
       Reflection        |       |       |       |       |       |       |     2 |    83 |    35 ||   120
